| TOP OF THE 1ST |
|
Columbus Clippers batting - Pitching for Fresno Grizzlies : RHP Scott Spillman
|
|
Pitching: RHP Scott Spillman
|
|
|
Batting: RHB Jason Sher
|
0-0: Ball 1-0: Foul Ball, location: 2F 1-1: Swinging Strike 1-2: Ball 2-2: Ground out 6-3 (Groundball, 56, EV 110.6 MPH)
|
|
Batting: LHB John Harring
|
0-0: Ball 1-0: Ball 2-0: Swinging Strike 2-1: Ball 3-1: Base on Balls
|
|
Batting: LHB Zion Davidson
|
0-0: Foul Ball, location: 2F 0-1: Called Strike John Harring is caught stealing 2nd base 2-6 0-2: Ball 1-2: Strikes out swinging
|
| Top of the 1st over - 0 runs, 0 hits, 0 errors, 0 left on base; Columbus 0 - Fresno 0 |
| BOTTOM OF THE 1ST |
|
Fresno Grizzlies batting - Pitching for Columbus Clippers : RHP Josh Hoeye
|
|
Pitching: RHP Josh Hoeye
|
|
|
Batting: LHB Danny Wolver
|
0-0: Called Strike 0-1: Ball 1-1: Ball 2-1: Foul Ball, location: 2F 2-2: Ball 3-2: Foul Ball, location: 2F 3-2: Strikes out looking
|
|
Batting: LHB Chris Cabrera
|
0-0: Ball 1-0: SINGLE (Groundball, 34D, EV 108.1 MPH)
|
|
Batting: RHB Bruce Bermudez
|
0-0: Ball 1-0: Ball 2-0: Ball 3-0: Called Strike 3-1: Called Strike 3-2: Strikes out looking
|
|
Batting: RHB Ramon Castellon
|
0-0: Ball 1-0: Foul Ball, location: 2F 1-1: Ball 2-1: Ball 3-1: Fielders Choice at 2nd, 5-4 (Groundball, 56, EV 93.8 MPH)
|
| Bottom of the 1st over - 0 runs, 1 hit, 0 errors, 1 left on base; Columbus 0 - Fresno 0 |
| TOP OF THE 2ND |
|
Columbus Clippers batting - Pitching for Fresno Grizzlies : RHP Scott Spillman
|
|
Batting: RHB Eddie LaRose
|
0-0: Foul Ball, location: 2F 0-1: Ball 1-1: Ball 2-1: Ball 3-1: Foul Ball, location: 2F 3-2: Fly out, F9 (Flyball, 9S, EV 77.5 MPH)
|
|
Batting: SHB Scott Scott
|
0-0: Foul Ball, location: 2F 0-1: Foul Ball, location: 2F 0-2: Ball 1-2: Ground out 5-3 (Groundball, 5, EV 100.0 MPH)
|
|
Batting: RHB Mitch Boyd
|
0-0: Called Strike 0-1: Foul Ball, location: 2F 0-2: SINGLE (Groundball, 56D, EV 108.1 MPH)
|
|
Batting: RHB Josh Hoeye
|
0-0: Ball 1-0: Called Strike Mitch Boyd steals 2nd base (no throw) 1-1: Ball 2-1: Ground out 5-3 (Groundball, 56, EV 86.9 MPH)
|
| Top of the 2nd over - 0 runs, 1 hit, 0 errors, 1 left on base; Columbus 0 - Fresno 0 |
| BOTTOM OF THE 2ND |
|
Fresno Grizzlies batting - Pitching for Columbus Clippers : RHP Josh Hoeye
|
|
Batting: RHB Mark Marks
|
0-0: SINGLE (Line Drive, 78S, EV 103.8 MPH)
|
|
Batting: LHB Mark Dearth
|
0-0: SINGLE (Groundball, 4MD, EV 95.6 MPH) Mark Marks to second Mark Marks to third
|
|
Batting: RHB Etsuro Hosokawa
|
0-0: Called Strike Mark Dearth steals 2nd base 0-1: Ball 1-1: Ball 2-1: Ball 3-1: Called Strike 3-2: Strikes out swinging
|
|
Batting: RHB Cameron Rattenbury
|
0-0: Called Strike 0-1: Called Strike 0-2: Ball 1-2: Ground out 6-3 (Groundball, 6, EV 83.8 MPH) Mark Marks scores
|
|
Batting: RHB Sean Mounts
|
0-0: Fly out, F8 (Flyball, 8LS, EV 88.1 MPH)
|
| Bottom of the 2nd over - 1 run, 2 hits, 0 errors, 1 left on base; Columbus 0 - Fresno 1 |
| TOP OF THE 3RD |
|
Columbus Clippers batting - Pitching for Fresno Grizzlies : RHP Scott Spillman
|
|
Batting: RHB Justin Ganey
|
0-0: Ball 1-0: Fly out, F8 (Flyball, 8RD, EV 96.2 MPH)
|
|
Batting: RHB George Wagner
|
0-0: Foul Ball, location: 2F 0-1: Swinging Strike 0-2: Ball 1-2: Ball 2-2: SINGLE (Groundball, 6D, EV 100.0 MPH)
|
|
Batting: RHB Jason Sher
|
0-0: Ball 1-0: Ball 2-0: Called Strike 2-1: Foul Ball, location: 2F 2-2: Strikes out looking
|
|
Batting: LHB John Harring
|
0-0: Ball 1-0: Ball 2-0: Foul Ball, location: 2F 2-1: Foul Ball, location: 2F 2-2: Ball 3-2: Base on Balls George Wagner to second
|
|
Batting: LHB Zion Davidson
|
0-0: Ball 1-0: SINGLE (Groundball, P, EV 83.8 MPH) (infield hit) George Wagner to third John Harring to second
|
|
Batting: RHB Eddie LaRose
|
0-0: Fly out, F9 (Flyball, 9LD, EV 103.1 MPH)
|
| Top of the 3rd over - 0 runs, 2 hits, 0 errors, 3 left on base; Columbus 0 - Fresno 1 |
| BOTTOM OF THE 3RD |
|
Fresno Grizzlies batting - Pitching for Columbus Clippers : RHP Josh Hoeye
|
|
Batting: LHB Danny Wolver
|
0-0: Foul Ball, location: 2F 0-1: Foul Ball, location: 2F 0-2: Strikes out swinging
|
|
Batting: LHB Chris Cabrera
|
0-0: Fly out, F8 (Flyball, 8RM, EV 85.6 MPH)
|
|
Batting: RHB Bruce Bermudez
|
0-0: Foul Ball, location: 2F 0-1: Swinging Strike 0-2: Strikes out swinging
|
| Bottom of the 3rd over - 0 runs, 0 hits, 0 errors, 0 left on base; Columbus 0 - Fresno 1 |
| TOP OF THE 4TH |
|
Columbus Clippers batting - Pitching for Fresno Grizzlies : RHP Scott Spillman
|
|
Batting: SHB Scott Scott
|
0-0: Ball 1-0: Ball 2-0: Ball 3-0: Called Strike 3-1: Foul Ball, location: 2F 3-2: Base on Balls
|
|
Batting: RHB Mitch Boyd
|
0-0: SINGLE (Line Drive, 56D, EV 95.6 MPH) Scott Scott to second
|
|
Batting: RHB Josh Hoeye
|
0-0: Called Strike 0-1: Ball 1-1: Ball 2-1: Ball 3-1: Called Strike 3-2: Strikes out swinging
|
|
Batting: RHB Justin Ganey
|
0-0: Ball 1-0: SINGLE (Flyball, 78S, EV 93.1 MPH) Scott Scott to third Mitch Boyd to second Runner from 3rd tries for Home, SAFE, throw by LF to home
|
|
Batting: RHB George Wagner
|
0-0: Called Strike 0-1: Swinging Strike 0-2: Ball 1-2: Foul Ball, location: 2F 1-2: Ball 2-2: Grounds into double play, 4-6-3 (Groundball, 4, EV 95.6 MPH)
|
| Top of the 4th over - 1 run, 2 hits, 0 errors, 1 left on base; Columbus 1 - Fresno 1 |
| BOTTOM OF THE 4TH |
|
Fresno Grizzlies batting - Pitching for Columbus Clippers : RHP Josh Hoeye
|
|
Batting: RHB Ramon Castellon
|
0-0: Ball 1-0: Called Strike 1-1: Ball 2-1: Fly out, F8 (Flyball, 89M, EV 89.4 MPH)
|
|
Batting: RHB Mark Marks
|
0-0: Swinging Strike 0-1: Ball 1-1: Foul Ball, location: 2F 1-2: Foul Ball, location: 2F 1-2: Foul Ball, location: 2F 1-2: Ball 2-2: SINGLE (Groundball, 25, EV 70.6 MPH) (infield hit)
|
|
Batting: LHB Mark Dearth
|
0-0: Ball 1-0: Foul Ball, location: 2F 1-1: SINGLE (Line Drive, 89S, EV 100.6 MPH) Mark Marks to second
|
|
Batting: RHB Etsuro Hosokawa
|
0-0: Swinging Strike 0-1: Fly out, F9 (Line Drive, 9D, EV 99.4 MPH) Runner from 2nd tags up, SAFE at 3rd, no throw by RF
|
|
Batting: RHB Cameron Rattenbury
|
0-0: Ball 1-0: DOUBLE (Flyball, 7LD, EV 107.5 MPH) Mark Marks scores Mark Dearth to third Runner from 3rd tries for Home, SAFE, throw by LF to home
|
|
Batting: RHB Sean Mounts
|
0-0: Ball 1-0: Swinging Strike 1-1: Swinging Strike 1-2: Strikes out looking
|
| Bottom of the 4th over - 2 runs, 3 hits, 0 errors, 1 left on base; Columbus 1 - Fresno 3 |
| TOP OF THE 5TH |
|
Columbus Clippers batting - Pitching for Fresno Grizzlies : RHP Scott Spillman
|
|
Batting: RHB Jason Sher
|
0-0: Foul Ball, location: 2F 0-1: Called Strike 0-2: SINGLE (Flyball, 89S, EV 86.2 MPH)
|
|
Batting: LHB John Harring
|
0-0: Called Strike 0-1: Ball Jason Sher is caught stealing 2nd base 2-6 1-1: Ball 2-1: Swinging Strike 2-2: Ball 3-2: Foul Ball, location: 2F 3-2: Foul Ball, location: 2F 3-2: Fly out, F7 (Flyball, 78D, EV 106.2 MPH)
|
|
Batting: LHB Zion Davidson
|
0-0: Ball 1-0: Ball 2-0: Ball 3-0: Called Strike 3-1: DOUBLE (Flyball, 78D, EV 96.2 MPH)
|
|
Batting: RHB Eddie LaRose
|
0-0: Swinging Strike 0-1: Ball 1-1: Swinging Strike 1-2: Ground out 1-3 (Groundball, 13S, EV 67.5 MPH)
|
| Top of the 5th over - 0 runs, 2 hits, 0 errors, 1 left on base; Columbus 1 - Fresno 3 |
| BOTTOM OF THE 5TH |
|
Fresno Grizzlies batting - Pitching for Columbus Clippers : RHP Josh Hoeye
|
|
Batting: LHB Danny Wolver
|
0-0: Ball 1-0: Ball 2-0: Ball 3-0: Foul Ball, location: 2F 3-1: Swinging Strike 3-2: Base on Balls
|
|
Batting: LHB Chris Cabrera
|
0-0: Called Strike 0-1: Grounds into double play, 4-6-3 (Groundball, 4, EV 88.1 MPH)
|
|
Batting: RHB Bruce Bermudez
|
0-0: Swinging Strike 0-1: Ball 1-1: Ground out 6-3 (Groundball, 56, EV 106.2 MPH)
|
| Bottom of the 5th over - 0 runs, 0 hits, 0 errors, 0 left on base; Columbus 1 - Fresno 3 |
| TOP OF THE 6TH |
|
Columbus Clippers batting - Pitching for Fresno Grizzlies : RHP Scott Spillman
|
|
Pitching: RHP Tommy Cunningham
|
|
|
Batting: SHB Scott Scott
|
0-0: Ball 1-0: Foul Ball, location: 2F 1-1: Called Strike 1-2: Ball 2-2: Ball 3-2: Foul Ball, location: 2F 3-2: Base on Balls
|
|
Pinch Hitting: LHB Jesus Lozano
|
0-0: Ball Scott Scott steals 2nd base (no throw) 1-0: Ball 2-0: Ball 3-0: Called Strike 3-1: Base on Balls
|
|
Batting: RHB Josh Hoeye
|
0-0: Called Strike 0-1: Ball 1-1: Ball 2-1: Reached on error, E6 (Groundball, 56, EV 99.4 MPH) Scott Scott to third Jesus Lozano to second
|
|
Batting: RHB Justin Ganey
|
0-0: Foul Ball, location: 2F 0-1: Ball 1-1: Called Strike 1-2: Foul Ball, location: 2F 1-2: Grounds into fielders choice 6-2 (Groundball, 56, EV 91.2 MPH) Jesus Lozano to third Josh Hoeye to second
|
|
Pinch Hitting: SHB Valentin Laporte
|
0-0: Ball 1-0: Fly out, F9 (Flyball, 9D, EV 88.1 MPH) Runner from 3rd tags up, OUT at HOME! 9-2
|
| Top of the 6th over - 0 runs, 0 hits, 1 error, 2 left on base; Columbus 1 - Fresno 3 |
| BOTTOM OF THE 6TH |
|
Fresno Grizzlies batting - Pitching for Columbus Clippers : RHP Josh Hoeye
|
|
Now at 2B: Jesus Lozano
|
|
|
Now at SS: Jason Sher
|
|
|
Now in CF: Chad Thompson
|
|
|
Batting: RHB Ramon Castellon
|
0-0: Called Strike 0-1: Ball 1-1: Ball 2-1: Ball 3-1: Called Strike 3-2: SOLO HOME RUN (Flyball, 78XD, EV 98.1 MPH), Distance : 385 ft
|
|
Batting: RHB Mark Marks
|
0-0: Swinging Strike 0-1: Foul Ball, location: 2F 0-2: Strikes out swinging
|
|
Batting: LHB Mark Dearth
|
0-0: Ball 1-0: SINGLE (Line Drive, 4M, EV 95.6 MPH)
|
|
Batting: RHB Etsuro Hosokawa
|
0-0: Ball 1-0: Ball 2-0: Foul Ball, location: 2F 2-1: Swinging Strike 2-2: SINGLE (Groundball, 56D, EV 100.0 MPH) Mark Dearth to second
|
|
Batting: RHB Cameron Rattenbury
|
0-0: Ball 1-0: Grounds into double play, 6-4-3 (Groundball, 6M, EV 99.4 MPH)
|
| Bottom of the 6th over - 1 run, 3 hits, 0 errors, 1 left on base; Columbus 1 - Fresno 4 |
| TOP OF THE 7TH |
|
Columbus Clippers batting - Pitching for Fresno Grizzlies : RHP Tommy Cunningham
|
|
Pitching: RHP Manny Bonilla
|
|
|
Batting: RHB Jason Sher
|
0-0: Ball 1-0: Called Strike 1-1: Ball 2-1: Foul Ball, location: 2F 2-2: Ball 3-2: Base on Balls
|
|
Batting: LHB John Harring
|
0-0: Called Strike Jason Sher steals 2nd base 0-1: Ball 1-1: Ground out 4-3 (Groundball, 4M, EV 80.6 MPH) Jason Sher to third
|
|
Batting: LHB Zion Davidson
|
0-0: Called Strike 0-1: Ball 1-1: Called Strike 1-2: Ball 2-2: Ground out 4-3 (Groundball, 4D, EV 104.4 MPH) Jason Sher scores
|
|
Batting: RHB Eddie LaRose
|
0-0: Ball 1-0: Ball 2-0: Ball 3-0: Base on Balls
|
|
Batting: SHB Scott Scott
|
0-0: Ball 1-0: Ball 2-0: Ball 3-0: Called Strike 3-1: SINGLE (Groundball, 56D, EV 110.6 MPH) Eddie LaRose to second Runner from 2nd tries for 3rd, SAFE, throw by LF made to third Scott Scott to second
|
|
Batting: LHB Jesus Lozano
|
0-0: Called Strike 0-1: Called Strike 0-2: Ball 1-2: Foul Ball, location: 2F 1-2: Strikes out swinging
|
| Top of the 7th over - 1 run, 1 hit, 0 errors, 2 left on base; Columbus 2 - Fresno 4 |
| BOTTOM OF THE 7TH |
|
Fresno Grizzlies batting - Pitching for Columbus Clippers : RHP Josh Hoeye
|
|
Batting: RHB Sean Mounts
|
0-0: Ball 1-0: Called Strike 1-1: Ball 2-1: Foul Ball, location: 2F 2-2: Strikes out swinging
|
|
Batting: LHB Danny Wolver
|
0-0: Ball 1-0: Foul Ball, location: 2F 1-1: Ball 2-1: SINGLE (Groundball, 34D, EV 103.1 MPH)
|
|
Batting: LHB Chris Cabrera
|
0-0: Called Strike 0-1: Ball 1-1: Swinging Strike 1-2: Ball 2-2: Grounds into double play, 5-4-3 (Groundball, 56, EV 75.6 MPH)
|
| Bottom of the 7th over - 0 runs, 1 hit, 0 errors, 0 left on base; Columbus 2 - Fresno 4 |
| TOP OF THE 8TH |
|
Columbus Clippers batting - Pitching for Fresno Grizzlies : RHP Manny Bonilla
|
|
Pitching: RHP Bobby Leija
|
|
|
Batting: RHB Josh Hoeye
|
0-0: Ball 1-0: Swinging Strike 1-1: Ball 2-1: Ball 3-1: Fly out, F7 (Flyball, 78D, EV 106.2 MPH)
|
|
Batting: RHB Justin Ganey
|
0-0: Called Strike 0-1: Swinging Strike 0-2: Ball 1-2: Strikes out looking
|
|
Pinch Hitting: LHB Stu Sornson
|
0-0: Swinging Strike 0-1: Foul Ball, location: 2F 0-2: Ball 1-2: Ball 2-2: Ball 3-2: Foul Ball, location: 2F 3-2: Strikes out swinging
|
| Top of the 8th over - 0 runs, 0 hits, 0 errors, 0 left on base; Columbus 2 - Fresno 4 |
| BOTTOM OF THE 8TH |
|
Fresno Grizzlies batting - Pitching for Columbus Clippers : RHP Josh Hoeye
|
|
Now in CF: John Harring
|
|
|
Now in RF: Stu Sornson
|
|
|
Batting: RHB Bruce Bermudez
|
0-0: Ball 1-0: Ball 2-0: Fly out, F9 (Flyball, 89M, EV 91.9 MPH)
|
|
Batting: RHB Ramon Castellon
|
0-0: Swinging Strike 0-1: Ball 1-1: Foul Ball, location: 2F 1-2: Ball 2-2: Ball 3-2: Strikes out swinging
|
|
Batting: RHB Mark Marks
|
0-0: Called Strike 0-1: Called Strike 0-2: Ball 1-2: Foul Ball, location: 2F 1-2: SOLO HOME RUN (Flyball, 9D, EV 96.2 MPH), Distance : 389 ft
|
|
Batting: LHB Mark Dearth
|
0-0: Called Strike 0-1: Ball 1-1: Ball 2-1: Ball 3-1: Foul Ball, location: 2F 3-2: Strikes out swinging
|
| Bottom of the 8th over - 1 run, 1 hit, 0 errors, 0 left on base; Columbus 2 - Fresno 5 |
| TOP OF THE 9TH |
|
Columbus Clippers batting - Pitching for Fresno Grizzlies : RHP Bobby Leija
|
|
Pitching: RHP Jordan Tejeda
|
|
|
Batting: RHB Jason Sher
|
0-0: Foul Ball, location: 2F 0-1: SINGLE (Groundball, 56D, EV 111.2 MPH)
|
|
Batting: LHB John Harring
|
0-0: Foul Ball, location: 2F 0-1: SINGLE (Line Drive, 6D, EV 97.5 MPH) Jason Sher to second
|
|
Batting: LHB Zion Davidson
|
0-0: Ball 1-0: Ball 2-0: Called Strike 2-1: SINGLE (Groundball, 34S, EV 95.0 MPH) Jason Sher to third John Harring to second
|
|
Batting: RHB Eddie LaRose
|
0-0: Grounds into double play, 6-4-3 (Groundball, 6, EV 90.6 MPH) Jason Sher scores John Harring to third
|
|
Batting: SHB Scott Scott
|
0-0: Called Strike 0-1: Called Strike 0-2: Ball 1-2: Ball 2-2: Foul Ball, location: 2F 2-2: Foul Ball, location: 2F 2-2: Foul Ball, location: 2F 2-2: Ball 3-2: Strikes out swinging
|
| Top of the 9th over - 1 run, 3 hits, 0 errors, 1 left on base; Columbus 3 - Fresno 5 |
|